Map: 星軌船廠

Players

FWHas (Has) - Winner!

  • Race: Protoss Protoss
  • League: Master

Expect

  • Race: Terran Terran
  • League: Master

Event: 2016 WCS Winter Challenger Taiwan

VOD

Have the link to the VOD?

Description

Time

  • Played on: Jan. 14, 2016, 7:38 a.m.
  • Length: 6:20

All games in this series

Show
View Real Time Build Order
Export as new Build Order

FWHas Protoss - Winner!

Build Orders:  

Get SALT Encoding   

  12  0:01  Probe (Chrono Boost)  
  13  0:11  Probe (Chrono Boost)  
  14  0:17  Pylon  
  14  0:22  Probe (Chrono Boost)  
  15  0:36  Probe (Chrono Boost), Gateway  
  16  0:46  Probe (Chrono Boost)  
  16  0:48  Assimilator  
  17  0:56  Assimilator  
  18  0:57  Probe (Chrono Boost)  
  18  1:04  Gateway  
  18  1:07  Probe (Chrono Boost)  
  19  1:18  Probe (Chrono Boost)  
  20  1:24  Cybernetics Core  
  20  1:28  Probe (Chrono Boost)  
  20  1:32  Pylon  
  21  1:41  Probe (Chrono Boost)  
  22  1:51  Probe (Chrono Boost)  
  23  2:01  Adept x2  
  27  2:02  Mothership Core (Chrono Boost)  
  27  2:06  Warp Gate (Chrono Boost)  
  29  2:14  Pylon  
  29  2:20  Probe (Chrono Boost)  
  29  2:30  Stalker  
  29  2:32  Probe  
  32  2:44  Probe  
  33  2:46  Stargate  
  33  3:08  Nexus  
  33  3:13  Pylon  
  33  3:19  Pylon  
  33  3:23  Probe  
  34  3:35  Probe  
  35  3:44  Pylon  
  35  3:47  Probe  
  36  3:49  Pylon  
  36  3:51  Pylon  
  34  3:59  Probe  
  32  4:07  Oracle  
  35  4:11  Probe  
  36  4:23  Stalker x2  
  38  4:25  Probe x2  
  40  4:37  Probe x2  
  42  4:46  Stalker x2  
  42  4:47  Phoenix  
  42  4:49  Probe  
  42  4:50  Probe  
  50  5:00  Pylon  
  50  5:01  Probe  
  50  5:02  Probe  
  52  5:09  Pylon  
  52  5:13  Probe  
  53  5:14  Probe  
  54  5:26  Probe  
  54  5:27  Adept x2  
  55  5:33  Mothership Core  
  55  5:35  Phoenix  
  54  5:39  Probe  
  50  5:47  Stalker  
  50  5:48  Stalker  
  51  5:51  Probe  
  51  5:55  Probe  
  50  6:03  Probe  
  48  6:07  Probe  
Show
View Real Time Build Order
Export as new Build Order

Expect Terran 

Build Orders: Reaper Expand 

Get SALT Encoding   

  12  0:01  SCV  
  13  0:13  SCV  
  14  0:18  Supply Depot  
  14  0:25  SCV  
  15  0:40  SCV  
  15  0:42  Barracks  
  16  0:45  Refinery  
  16  0:52  SCV  
  17  1:04  SCV  
  18  1:16  SCV  
  19  1:28  Orbital Command  
  19  1:31  Reaper  
  20  1:43  Command Center  
  20  1:55  SCV  
  20  1:56  Supply Depot  
  21  2:07  SCV  
  22  2:10  Factory  
  22  2:14  Marine  
  23  2:19  Refinery  
  23  2:24  SCV  
  23  2:27  Bunker  
  24  2:36  Barracks Reactor  
  24  2:37  SCV  
  25  2:49  SCV  
  25  3:00  Factory Tech Lab, Orbital Command  
  25  3:01  SCV  
  26  3:15  Marine x2  
  26  3:19  Cyclone  
  31  3:21  Supply Depot  
  31  3:33  Marine x2  
  28  3:51  Cyclone, Marine x2  
  30  3:56  SCV  
  30  3:57  SCV  
  31  4:08  Marine  
  31  4:09  Marine  
  24  4:23  SCV x2  
  26  4:26  Marine x2  
  28  4:35  SCV x2  
  29  4:47  Cyclone  
  29  4:50  Marine x2  
  34  4:56  SCV x2  
  36  5:04  Barracks x2  
  36  5:08  SCV x2  
  38  5:15  Marine x2  
  38  5:19  Supply Depot  
  38  5:20  SCV x2  
  31  5:32  SCV x2  
  31  5:33  Marine x2  
  30  5:44  SCV x2  
Tags
 
Add a new tag
Caveats
  • Supply blocks, unpowered buildings, or Contaminate may cause inaccurate times.
  • Supply counts are checked every 10 seconds.